 Dungeon Crawl Stone Soup version 0.27-a0-1331-g60ef6b6952 (webtiles) character file.

Game seed: 13446132317977715005

366362 cirn0 the Sorcerer (level 21, -9/107 HPs)
             Began as a Deep Elf Conjurer on June 25, 2021.
             Was the Champion of Vehumet.
             Shot with a bolt by a yaktaur captain (15 damage)
             ... on level 5 of the Vaults.
             The game lasted 03:50:30 (55150 turns).

cirn0 the Sorcerer (Deep Elf Conjurer)             Turns: 55150, Time: 03:50:31

Health: -9/107     AC: 15    Str:  5    XL:     21   Next: 60%
Magic:  50/53      EV: 20    Int: 36    God:    Vehumet [******]
Gold:   4087       SH:  5    Dex: 17    Spells: 8/73 levels left

rFire    + . .     SeeInvis +   J - +7 hand axe "Luashroi" {freeze, rF+ rN+ Str-4 Stlth+}
rCold    + . .     Faith    .   (no shield)
rNeg     + + +     Spirit   .   S - +1 leather armour "Mipnukuck" {rElec Will+ Regen+ Str-2}
rPois    +         Reflect  +   d - +2 helmet {Int+3}
rElec    +         Harm     .   Y - +2 ratskin cloak {*Rats rPois rN+ Str-1 Int-1 Dex+1}
rCorr    +         Rampage  .   (no gloves)
Will     ++++.                  I - +2 pair of boots {Stlth+}
Stlth    ++++......             L - amulet of Ymegisiz {Reflect +Blink rF+ Str+5 SH+5}
HPRegen  1.27/turn              P - ring of Qeavezo {Ice rPois Will+ Dex+3}
MPRegen  0.33/turn              U - ring "Faocair" {rN+ rCorr Int+3 Slay+4 SInv}

@: studying Translocations
A: iridescent scales 1, wild magic 1
}: 2/15 runes: decaying, serpentine
a: Renounce Religion, Evoke Blink


You were on level 5 of the Vaults.
You worshipped Vehumet.
Vehumet was exalted by your worship.
You visited 6 branches of the dungeon, and saw 36 of its levels.
You also visited: Ossuary and Gauntlet.

You collected 5926 gold pieces.
You spent 1839 gold pieces at shops.

Inventory:

Hand Weapons
 l - the +7 spear of Desperation {drain, rElec rPois Str-2 Dex+3 Stlth+}
   (You took it off a naga ritualist on level 3 of the Snake Pit)

   A truly terrible weapon, it drains the life of those it strikes.
   It affects your strength (-2).
   It affects your dexterity (+3).
   It insulates you from electricity.
   It protects you from poison.
   It makes you more stealthy.
 t - the +1 quarterstaff of Hepliaklqana {antimagic, Int+5}
   (You took it off a naga ritualist on level 3 of the Snake Pit)

   It reduces the magical energy of the wielder, and disrupts the spells and
   magical abilities of those hit.
   Natural abilities and divine invocations are not affected.
   It affects your intelligence (+5).
 v - the +6 morningstar "Vuranipy" {vorpal, Drain rF+++ Will- Str+6}
   (You found it on level 4 of the Snake Pit)

   It inflicts extra damage upon your enemies.
   It affects your strength (+6).
   It renders you almost immune to fire.
   It drains your maximum health when unequipped.
   It decreases your willpower.
 J - the +7 hand axe "Luashroi" (weapon) {freeze, rF+ rN+ Str-4 Stlth+}
   (You found it on level 8 of the Dungeon)

   It has been specially enchanted to freeze those struck by it, causing extra
   injury to most foes and up to half again as much damage against particularly
   susceptible opponents.
   It can also slow down cold-blooded creatures.
   It affects your strength (-4).
   It protects you from fire.
   It protects you from negative energy.
   It makes you more stealthy.
 R - the +6 longbow of Rukitz {venom, rElec Str+3}
   (You found it on level 11 of the Dungeon)

   It poisons the ammo it fires.
   It affects your strength (+3).
   It insulates you from electricity.
 V - the +8 quarterstaff "Ylleutt" {protect, Fly}
   (You took it off a wizard on level 11 of the Dungeon)

   It grants its wielder temporary protection when it strikes (+7 to AC).
   It grants you flight.
Armour
 d - a +2 helmet of intelligence (worn)
 z - a +2 robe of cold resistance
 I - a +2 pair of boots of stealth (worn)
 K - a +2 robe of positive energy
 M - a +2 robe of fire resistance
 S - the +1 leather armour "Mipnukuck" (worn) {rElec Will+ Regen+ Str-2}
   (You bought it in a shop on level 3 of the Vaults)

   It affects your strength (-2).
   It insulates you from electricity.
   It increases your rate of health regeneration.
   It increases your willpower.
 Y - the +2 ratskin cloak (worn) {*Rats rPois rN+ Str-1 Int-1 Dex+1}
   (You found it on level 3 of the Snake Pit)

   It affects your strength (-1).
   It affects your intelligence (-1).
   It affects your dexterity (+1).
   It protects you from poison.
   It protects you from negative energy.
Magical Staves
 D - a staff of cold
Jewellery
 a - the ring of Disaster {Will+ Int+4 SInv}
   (You bought it in a shop on level 3 of the Dungeon)

   [ring of willpower]

   It affects your intelligence (+4).
   It lets you see invisible.
   It increases your willpower.
 x - a ring of poison resistance
 A - a ring of resist corrosion
 C - an amulet of magic regeneration
 L - the amulet of Ymegisiz (around neck) {Reflect +Blink rF+ Str+5 SH+5}
   (You found it in a Gauntlet)

   [amulet of reflection]

   It reflects blocked missile attacks.
   It affects your strength (+5).
   It protects you from fire.
   It lets you blink.
   It affects your SH (+5).
 N - the ring of Fatigue {rC+ Dex+4 Slay+5}
   (You took it off a naga ritualist on level 3 of the Snake Pit)

   [ring of protection from cold]

   It affects your dexterity (+4).
   It affects your accuracy and damage with ranged weapons and melee attacks
   (+5).
   It protects you from cold.
 O - the ring of Eternity {Fire Dex+2 SInv}
   (You acquired it on level 4 of the Lair of Beasts)

   [ring of fire]

   It enhances your fire magic.
   It affects your dexterity (+2).
   It protects you from fire.
   It makes you vulnerable to cold.
   It lets you see invisible.
 P - the ring of Qeavezo (left hand) {Ice rPois Will+ Dex+3}
   (You found it on level 3 of the Swamp)

   [ring of ice]

   It enhances your ice magic.
   It affects your dexterity (+3).
   It makes you vulnerable to fire.
   It protects you from cold.
   It protects you from poison.
   It increases your willpower.
 T - a ring of flight
 U - the ring "Faocair" (right hand) {rN+ rCorr Int+3 Slay+4 SInv}
   (You took it off a wizard on level 11 of the Dungeon)

   [ring of see invisible]

   It affects your intelligence (+3).
   It affects your accuracy and damage with ranged weapons and melee attacks
   (+4).
   It protects you from negative energy.
   It lets you see invisible.
   It protects you from acid and corrosion.
 W - a ring of ice
 X - an amulet of guardian spirit
Wands
 s - a wand of flame (40)
 y - a wand of iceblast (19)
 H - a wand of digging (12)
 Z - a wand of polymorph (18)
Scrolls
 c - 7 scrolls of amnesia
 g - 9 scrolls of identify
 h - 12 scrolls of teleportation
 i - 8 scrolls of magic mapping
 n - 3 scrolls of fog
 o - 5 scrolls of enchant armour
 p - a scroll of holy word
 q - 2 scrolls of fear
 w - 6 scrolls of blinking
 B - a scroll of enchant weapon
Potions
 b - 8 potions of heal wounds
 e - 9 potions of curing
 f - 5 potions of flight
 j - 11 potions of haste
 k - 8 potions of might
 m - 5 potions of berserk rage
 r - 4 potions of ambrosia
 u - 2 potions of magic
 E - 4 potions of brilliance
 F - 2 potions of invisibility
 G - 9 potions of lignification
 Q - 3 potions of cancellation


   Skills:
 + Level 3.9 Fighting
 + Level 0.7 Axes
 * Level 16.7 Dodging
 - Level 3.0 Stealth
 + Level 0.9 Shields
 * Level 26.9 Spellcasting
 * Level 22.9 Conjurations
 + Level 8.8 Hexes
 + Level 8.9 Translocations
 * Level 14.9 Fire Magic
 + Level 6.9 Earth Magic
 + Level 2.0 Poison Magic


You had 8 spell levels left.
You knew the following spells:

 Your Spells              Type           Power      Damage    Failure   Level
a - Magic Dart            Conj           100%       1d8       1%          1
b - Bolt of Magma         Conj/Fire/Erth 58%        4d23      1%          5
c - Fulminant Prism       Conj/Hex       59%        3d25      1%          4
d - Iskenderun's Mystic   Conj/Tloc      100%       2d19      1%          4
e - Olgreb's Toxic Radia  Pois           70%        N/A       1%          4
f - Irradiate             Conj/Tmut      53%        3d31      1%          5
g - Iron Shot             Conj/Erth      58%        9d11      1%          6
h - Lightning Bolt        Conj/Air       53%        1d75      1%          5
i - Fireball              Conj/Fire      63%        3d24      1%          5
j - Ignite Poison         Fire/Tmut/Pois 86%        N/A       1%          3
k - Orb of Destruction    Conj           67%        9d18      1%          7
l - Lee's Rapid Deconstr  Erth           45%        3d23*     1%          5
m - Fire Storm            Conj/Fire      63%        8d16      11%         9
n - Blink                 Tloc           N/A        N/A       1%          2

Your spell library contained the following spells:

 Spells                   Type           Power      Damage    Failure   Level
 Polar Vortex             Ice            38%        N/A       100%        9
 Shatter                  Erth           45%        3d35*     100%        9
 Animate Skeleton         Necr           100%       N/A       1%          1
 Apportation              Tloc           100%       N/A       1%          1
 Corona                   Hex            100%       N/A       1%          1
 Freeze                   Ice            100%       1d11      1%          1
 Pain                     Necr           100%       1d9       1%          1
 Shock                    Conj/Air       100%       1d9       1%          1
 Summon Small Mammal      Summ           100%       N/A       1%          1
 Ensorcelled Hibernation  Hex/Ice        100%       N/A       1%          2
 Searing Ray              Conj           100%       3d7       1%          2
 Slow                     Hex            98%        N/A       1%          2
 Static Discharge         Conj/Air       100%       N/A       1%          2
 Confusing Touch          Hex            98%        N/A       1%          3
 Dazzling Flash           Conj/Hex       100%       N/A       1%          3
 Frozen Ramparts          Ice            100%       1d12      1%          3
 Gell's Gravitas          Tloc           49%        N/A       1%          3
 Inner Flame              Hex/Fire       100%       N/A       1%          3
 Lesser Beckoning         Tloc           49%        N/A       1%          3
 Portal Projectile        Hex/Tloc       100%       N/A       1%          3
 Summon Guardian Golem    Hex/Summ       81%        N/A       1%          3
 Teleport Other           Tloc           98%        N/A       1%          3
 Tukima's Dance           Hex            98%        N/A       1%          3
 Cause Fear               Hex            49%        N/A       1%          4
 Hailstorm                Conj/Ice       100%       3d20      1%          4
 Leda's Liquefaction      Hex/Erth       47%        N/A       1%          4
 Manifold Assault         Tloc           98%        N/A       1%          5
 Yara's Violent Unravell  Hex/Tmut       40%        3d16      1%          5
 Starburst                Conj/Fire      63%        8x6d17    1%          6
 Call Imp                 Summ           58%        N/A       2%          2
 Spellforged Servitor     Conj/Summ      53%        N/A       2%          7
 Call Canine Familiar     Summ           58%        N/A       3%          3
 Ozocubu's Armour         Ice            76%        N/A       3%          3
 Swiftness                Air            58%        N/A       3%          3
 Vampiric Draining        Necr           29%        2d10      3%          3
 Airstrike                Air            29%        N/A       3%          4
 Animate Armour           Summ/Erth      100%       N/A       3%          4
 Petrify                  Tmut/Erth      77%        N/A       3%          4
 Invisibility             Hex            49%        N/A       4%          6
 Ignition                 Fire           58%        3d16      4%          8
 Metabolic Englaciation   Hex/Ice        51%        N/A       5%          5
 Silence                  Hex/Air        40%        N/A       5%          5
 Borgnjor's Vile Clutch   Necr/Erth      38%        N/A       8%          5
 Animate Dead             Necr           29%        N/A       11%         4
 Summon Ice Beast         Ice/Summ       76%        N/A       11%         4
 Summon Lightning Spire   Summ/Air       58%        N/A       11%         4
 Alistair's Intoxication  Tmut/Pois      42%        N/A       17%         5
 Agony                    Necr           58%        N/A       26%         5
 Blade Hands              Tmut           29%        N/A       26%         5
 Statue Form              Tmut/Erth      51%        N/A       34%         6
 Malign Gateway           Summ/Tloc      40%        N/A       75%         7
 Shadow Creatures         Summ           N/A        N/A       78%         6
 Dragon Form              Tmut           29%        N/A       100%        7
 Storm Form               Tmut/Air       29%        N/A       100%        7


Dungeon Overview and Level Annotations

Branches:
Dungeon (15/15)            Temple (0/1) D:5            Lair (6/6) D:11
  Swamp (4/4) Lair:4        Snake (4/4) Lair:3        Slime (0/5) Lair:6
    Orc (2/2) D:9             Elf (0/3) Orc:2        Vaults (5/5) D:13
  Crypt (0/3) Vaults:3    Ossuary (visited)         Gauntlet (visited)
 Depths: D:15

Altars:
Kikubaaqudgha
Makhleb
Okawaru
Qazlal
Vehumet
Beogh
Jiyva

Shops:
D:3 !(=   D:9 :   Orc:1 [   Orc:2 [?***   Vaults:1 ?   Vaults:3 *[

Portals:
Hell: Lair:6
Abyss: D:12

Annotations:
D:15 Azrael


Innate Abilities, Weirdness & Mutations

You are partially covered in iridescent scales. (AC +2)
Your spells are a little harder to cast, but a little more powerful.


Message History

The stone giant throws a large rock.
The large rock closely misses you.
An ettin comes into view. It is wielding two +0 dire flails.
The yaktaur captain shoots a bolt.
The bolt closely misses you. The ancient lich casts a spell at you.
Your hell rat is moving more slowly.
You hear a shout! x7
Casting: Iskenderun's Mystic Blast (safe; 1% risk of failure)
Confirm with . or Enter, or press ? or * to list all spells.
Really blast near your hell rat?
You erupt in a blast of force!
The mystic blast hits the vault guard!!
The vault guard is severely wounded.
The vault guard is knocked back by the mystic blast.
The vault guard slams into the heavily etched metal wall!
The mystic blast hits the ironbound convoker!!
The ironbound convoker is almost dead.
The ironbound convoker is knocked back by the mystic blast.
The mystic blast hits the stone giant.
The stone giant is heavily wounded.
The mystic blast hits the vault guard!
The vault guard is moderately wounded.
The vault guard is knocked back by the mystic blast.
The mystic blast hits your hell rat!!
Your hell rat is severely wounded.
The hell rat is knocked back by the mystic blast.
The mystic blast hits the ironbound convoker!
You kill the ironbound convoker!
Vehumet accepts your kill.
You feel your power returning.
You hear two shouts!
The yaktaur shoots a bolt.
The bolt misses you.
The stone giant throws a large rock.
The large rock hits you!!
* * * LOW HITPOINT WARNING * * *
The yaktaur captain shoots a bolt.
The bolt misses you.
The ancient lich casts a spell.
The ancient lich seems to speed up.
You feel much better.
The yaktaur captain shoots a bolt.
The bolt hits you!!
* * * LOW HITPOINT WARNING * * *
The yaktaur shoots a bolt.
The bolt closely misses you.
The yaktaur captain shoots a bolt.
The bolt hits you!
You die...

.....#....# .##
....#....##..#
.C.#...[#.[.
..p.....L...
#####D.p.[r..#####
.......[.[.p...)..
......C.<<$.[.....
.....[.@)Cp[p[..).
......[[<<..[..p..
#####.[[.[...#####
..Wc[.[....#
###C#.[..#..c.
#'#....##.c..
.##....# #..c. ..
#....# #...


You could see a golden dragon, an ancient lich (fast), 2 stone giants, a vault
warden, 2 yaktaur captains, 2 vault guards, 2 ettins, a vault sentinel (catching
breath), a phantasmal warrior, an ironbound convoker (strong), a yaktaur and a
hell rat (petrifying).

Vanquished Creatures
  Vashnia (Snake:4)
  Jory (Vaults:2)
  The ghost of Odwax the Hoplite, an adept MiFi of Okawaru (Swamp:3)
  Rupert (Lair:6)
  A quicksilver dragon (Vaults:5)
  2 shadow dragons (Vaults:4)
  Frances (Swamp:1)
  A tentacled starspawn (D:12)
  A tengu reaver (Vaults:1)
  A thorn hunter (Swamp:3)
  2 nagarajas (Snake:4)
  13 vault wardens
  2 fenstrider witches (Swamp:3)
  An orc warlord (Vaults:3)
  15 ironbound preservers
  2 war gargoyles (Vaults:3)
  2 ghouls (Swamp:4)
  10 very ugly things
  A stone giant (Vaults:2)
  The ghost of Ytzathau the Cleaver, a journeyman MiDe of Okawaru (Lair:4)
  The ghost of Birew the Zephyrmancer, a journeyman TeAE of Vehumet (Lair:6)
  An entropy weaver (Vaults:4)
  A deep elf demonologist (Vaults:4)
  A bunyip (shapeshifter) (D:12)
  11 dire elephants
  5 bunyips
  A minotaur (Gauntlet)
  Snorg (Lair:6)
  3 ettins
  A shambling mangrove (Swamp:4)
  6 eleionomae
  3 fire dragons (Swamp:4)
  3 crystal guardians
  A deep elf high priest (Vaults:3)
  The ghost of 27snakeeyes612 the Fighter, a journeyman MiBe of Trog (D:12)
  Fannar (Lair:2)
  3 great orbs of eyes
  12 yaktaur captains
  35 vault guards
  A great orb of eyes (shapeshifter) (Gauntlet)
  32 hydras
  Harold (Lair:2)
  12 naga warriors
  4 boulder beetles
  2 peacekeepers (Vaults:3)
  A spriggan air mage (Swamp:3)
  6 ironbound thunderhulks
  5 salamander tyrants
  12 ironbound frosthearts
  20 anacondas
  7 two-headed ogres
  10 centaur warriors
  A catoblepas (D:14)
  A ghost crab (Swamp:3)
  A death knight (D:15)
  9 alligators
  6 death yaks (Gauntlet)
  A hell hog (D:12)
  20 naga sharpshooters
  8 ironbound beastmasters
  3 orc high priests (Orc:2)
  6 shock serpents
  Nergalle (D:10)
  The ghost of Conn the Firebug, a novice OpFE of Sif Muna (D:8)
  Sonja (D:12)
  A fire crab (Swamp:4)
  7 goliath frogs
  A sun demon (Lair:6)
  49 deep trolls
  10 swamp dragons
  A spriggan druid (Swamp:3)
  2 glowing orange brains
  11 salamander mystics
  14 naga ritualists
  A tengu zombie (Vaults:4)
  Pikel (D:4)
  19 ironbound convokers
  5 orc knights (Orc:2)
  3 necromancers
  9 bog bodies
  10 lindwurms
  A phantasmal warrior (Vaults:1)
  8 wizards
  4 deep elf pyromancers
  4 harpies (Vaults:1)
  18 mana vipers
  4 cyclopes
  3 will-o-the-wisps
  5 orc sorcerers (Orc:2)
  4 oklob plants (Lair:3)
  19 ugly things
  4 manticores
  A moth of wrath (Swamp:3)
  23 salamanders
  A worldbinder (D:12)
  9 elephants (Lair:3)
  6 guardian serpents
  A centaur zombie (D:11)
  An iron dragon skeleton (Vaults:4)
  14 naga magi
  17 vault sentinels
  A guardian serpent (shapeshifter) (Gauntlet)
  7 cane toads
  46 black mambas
  2 torpor snails (Lair:6)
  A smoke demon (Lair:6)
  3 orange demons (Lair:6)
  2 unseen horrors
  A gargoyle (D:11)
  A human zombie (Vaults:1)
  Psyche (D:11)
  2 efreet (D:11)
  A komodo dragon (shapeshifter) (D:11)
  5 rime drakes
  A freezing wraith (D:15)
  15 komodo dragons
  An elf skeleton (Vaults:4)
  2 ice devils (Lair:6)
  2 yaktaur skeletons
  30 yaktaurs
  8 trolls
  A bloated husk (Swamp:1)
  6 tyrant leeches
  5 hornets
  3 polar bears
  2 elf zombies (Vaults:1)
  35 slime creatures
  2 shadows
  15 blink frogs
  A meliai zombie (D:10)
  3 centaur simulacra
  2 tarantellas (Vaults:4)
  3 vampires
  2 redbacks (Vaults:4)
  35 yaks
  3 wraiths
  2 wyverns
  5 spriggans
  6 basilisks
  A water elemental (D:15)
  2 large abominations (Gauntlet)
  A fire elemental (Swamp:4)
  An elf simulacrum (Vaults:4)
  7 steam dragons
  Menkaure (D:4)
  A chaos spawn (D:12)
  11 vampire mosquitoes
  40 nagas
  2 wargs
  12 swamp worms
  Edmund (D:5)
  4 acid dragons
  23 water moccasins
  7 hell hounds
  An ice beast (D:8)
  8 swamp drakes
  19 orc warriors
  A sky beast (D:7)
  A sky beast (shapeshifter) (Gauntlet)
  A black bear (D:8)
  6 ogres
  10 wolves
  A hornet zombie (D:7)
  5 boggarts (D:14)
  5 centaurs
  A lemure (D:4)
  2 phantoms
  9 bullfrogs
  6 scorpions
  3 water moccasin zombies (Ossuary)
  2 wyvern skeletons (D:7)
  5 small abominations (Gauntlet)
  12 killer bees
  13 wights
  4 howler monkeys
  8 electric eels
  3 centaur skeletons
  4 hounds
  7 jellies
  14 orc priests
  5 iguanas
  15 orc wizards
  2 killer bee zombies
  A hound zombie (D:5)
  A hound skeleton (D:5)
  2 mummies (Ossuary)
  11 adders
  3 white imps
  An ufetubus (D:5)
  2 adder zombies (Ossuary)
  3 worms
  3 dart slugs
  85 orcs
  12 ball pythons
  27 endoplasms
  4 giant cockroaches
  4 gnoll zombies (Ossuary)
  5 hobgoblins
  4 jackals (D:4)
  7 kobolds
  6 quokkas
  2 bats
  5 frilled lizards
  6 goblins
  5 hobgoblin zombies (Ossuary)
  5 kobold zombies (Ossuary)
  6 orc zombies (Ossuary)
  5 rats
  A butterfly (Lair:6)
  A fire vortex (Vaults:5)
1381 creatures vanquished.

Vanquished Creatures (collateral kills)
  2 ironbound preservers
  An anaconda (Snake:4)
  A deep troll (Vaults:3)
4 creatures vanquished.

Vanquished Creatures (others)
  A hydra (D:15)
  A bloated husk (Swamp:3)
  2 steam dragons (Swamp:4)
  44 fire vortices
  12 foxfires
  220 fulminant prisms
  33 fungi
  98 plants
  13 withered plants (Gauntlet)
424 creatures vanquished.

Grand Total: 1809 creatures vanquished

Notes
Turn   | Place    | Note
-------+----------+-------------------------------------------
     0 | D:1      | cirn0 the Deep Elf Conjurer began the quest for the Orb.
     0 | D:1      | Reached XP level 1. HP: 10/10 MP: 6/6
   238 | D:1      | Found a faded altar of an unknown god.
   245 | D:1      | Reached XP level 2. HP: 15/15 MP: 1/8
   248 | D:1      | Learned a level 2 spell: Searing Ray
   508 | D:1      | Reached skill level 5 in Conjurations
   837 | D:1      | Reached XP level 3. HP: 19/19 MP: 7/9
  1693 | D:2      | Reached XP level 4. HP: 24/24 MP: 8/11
  1997 | D:3      | Reached skill level 4 in Spellcasting
  2032 | D:3      | Noticed a scorpion
  2038 | D:3      | Killed a scorpion
  2086 | D:3      | Reached XP level 5. HP: 28/28 MP: 8/13
  2291 | D:3      | Found Kihokewk's Antique Weapon Emporium.
  2671 | D:3      | Found Buhaf's Jewellery Emporium.
  2727 | D:3      | Reached skill level 5 in Spellcasting
  3149 | D:3      | Found Vaojaj's Distillery.
  3237 | D:4      | Reached XP level 6. HP: 21/32 MP: 9/16
  3394 | D:4      | Reached XP level 7. HP: 36/36 MP: 10/17
  3473 | D:4      | Reached skill level 6 in Spellcasting
  3567 | D:4      | Found a radiant altar of Vehumet.
  3568 | D:4      | Found an iron altar of Okawaru.
  3572 | D:4      | Found an ancient bone altar of Kikubaaqudgha.
  3577 | D:4      | Became a worshipper of Vehumet
  3610 | D:4      | Found a sand-covered staircase.
  3618 | Ossuary  | Entered an ossuary
  3922 | Ossuary  | Learned a level 4 spell: Fulminant Prism
  3927 | Ossuary  | Learned a level 4 spell: Iskenderun's Mystic Blast
  3941 | Ossuary  | Reached * piety under Vehumet
  3941 | Ossuary  | Offered knowledge of Sandblast by Vehumet.
  4087 | D:4      | Noticed Pikel
  4096 | D:4      | Killed Pikel
  4097 | D:4      | Reached skill level 5 in Dodging
  4097 | D:4      | Reached skill level 8 in Spellcasting
  4097 | D:4      | Reached XP level 8. HP: 41/41 MP: 3/22
  4242 | D:4      | Noticed Menkaure
  4247 | D:4      | Killed Menkaure
  4279 | D:4      | You fall into a shaft and drop 2 floors!
  4332 | D:6      | Reached skill level 9 in Spellcasting
  4467 | D:6      | Noticed a two-headed ogre
  4475 | D:6      | Killed a two-headed ogre
  4476 | D:6      | Reached skill level 10 in Spellcasting
  4476 | D:6      | Reached skill level 1 in Hexes
  4476 | D:6      | Reached XP level 9. HP: 45/45 MP: 12/25
  4559 | D:5      | Entered Level 5 of the Dungeon
  4585 | D:5      | Found a staircase to the Ecumenical Temple.
  4665 | D:6      | Identified the +2 leather armour of Gluttony {Will+ Stlth+}
  4669 | D:6      | Reached skill level 10 in Conjurations
  6254 | D:5      | Noticed Edmund
  6262 | D:5      | Killed Edmund
  6264 | D:5      | Reached skill level 11 in Spellcasting
  7468 | D:7      | Reached XP level 10. HP: 50/50 MP: 19/27
  7523 | D:7      | Identified the +2 ring mail of Valiance {Drain +Blink rElec
                  | Dex+8}
  7725 | D:7      | Noticed a two-headed ogre
  7738 | D:7      | Killed a two-headed ogre
  7738 | D:7      | Reached ** piety under Vehumet
  7739 | D:7      | Reached skill level 12 in Spellcasting
  8006 | D:7      | Offered knowledge of Poisonous Vapours by Vehumet.
  8243 | D:8      | Identified the +5 ring mail of Makhleb's Hope {rF++ Will+}
  8298 | D:8      | Noticed a two-headed ogre
  8304 | D:8      | Killed a two-headed ogre
  8305 | D:8      | Reached skill level 5 in Hexes
  8486 | D:8      | Identified the +7 hand axe "Luashroi" {freeze, rF+ rN+
                  | Str-4 Stlth+}
  8556 | D:8      | Reached skill level 1 in Translocations
  8732 | D:8      | Found a runed translucent door.
  8737 | D:8      | Noticed Conn's ghost (novice OpFE)
  8746 | D:8      | Killed Conn's ghost
  8747 | D:8      | Reached skill level 13 in Spellcasting
  9017 | D:9      | Reached XP level 11. HP: 54/54 MP: 27/30
  9027 | D:9      | Offered knowledge of Mephitic Cloud by Vehumet.
  9323 | D:9      | Reached *** piety under Vehumet
  9338 | D:9      | Found a staircase to the Orcish Mines.
  9368 | D:9      | Offered knowledge of Olgreb's Toxic Radiance by Vehumet.
  9377 | D:9      | Learned a level 4 spell: Olgreb's Toxic Radiance
  9439 | D:9      | Found Pegy's Book Boutique.
  9935 | Orc:1    | Entered Level 1 of the Orcish Mines
  9938 | Orc:1    | Found Ewnac's Armour Boutique.
  9984 | Orc:2    | Entered Level 2 of the Orcish Mines
 10689 | Orc:2    | Reached **** piety under Vehumet
 10793 | Orc:2    | Found Paacw's General Store.
 10879 | Orc:2    | Found a staircase to the Elven Halls.
 10922 | Orc:2    | Noticed an ettin
 10928 | Orc:2    | Noticed an orc sorcerer
 10930 | Orc:2    | Killed an ettin
 10931 | Orc:2    | Reached skill level 1 in Fighting
 10933 | Orc:2    | Killed an orc sorcerer
 11228 | Orc:2    | Noticed an orc knight
 11287 | Orc:2    | Noticed an orc knight
 11300 | Orc:2    | Reached skill level 14 in Spellcasting
 11305 | Orc:2    | Killed an orc knight
 11305 | Orc:2    | Offered knowledge of Airstrike by Vehumet.
 11312 | Orc:2    | Killed an orc knight
 11478 | Orc:2    | Noticed an orc sorcerer
 11481 | Orc:2    | Killed an orc sorcerer
 11487 | Orc:2    | Noticed an orc knight
 11493 | Orc:2    | Killed an orc knight
 11540 | Orc:2    | Noticed an orc high priest
 11543 | Orc:2    | Noticed an orc sorcerer
 11546 | Orc:2    | Noticed a sixfirhy
 11547 | Orc:2    | Killed an orc sorcerer
 11552 | Orc:2    | Killed an orc high priest
 11555 | Orc:2    | Noticed an orc knight
 11566 | Orc:2    | Killed an orc knight
 11754 | Orc:2    | Noticed an orc sorcerer
 11756 | Orc:2    | Killed an orc sorcerer
 11756 | Orc:2    | Noticed an orc high priest
 11757 | Orc:2    | Reached XP level 12. HP: 63/63 MP: 20/32
 11760 | Orc:2    | Killed an orc high priest
 11760 | Orc:2    | Noticed an orc high priest
 11761 | Orc:2    | Reached skill level 15 in Spellcasting
 11765 | Orc:2    | Killed an orc high priest
 11846 | Orc:2    | Found Codd's Antique Armour Emporium.
 11846 | Orc:2    | Found Edgha's Assorted Antiques.
 11855 | Orc:2    | Found Sijoteorch's Magic Scroll Emporium.
 11855 | Orc:2    | Found Napn's Assorted Antiques.
 12080 | Orc:2    | Learned a level 5 spell: Irradiate
 12364 | D:10     | Entered Level 10 of the Dungeon
 12513 | D:10     | Noticed Nergalle
 12522 | D:10     | Killed Nergalle
 12723 | D:10     | Noticed a two-headed ogre
 12734 | D:10     | Killed a two-headed ogre
 12874 | D:10     | Reached ***** piety under Vehumet
 12874 | D:10     | Offered knowledge of Iron Shot by Vehumet.
 12894 | D:10     | Learned a level 6 spell: Iron Shot
 13219 | D:10     | Found a burning altar of Makhleb.
 13582 | D:11     | Reached skill level 10 in Dodging
 13936 | D:11     | Reached skill level 16 in Spellcasting
 13961 | D:11     | Noticed a boulder beetle
 13968 | D:11     | Killed a boulder beetle
 14145 | D:11     | Identified the +6 longbow of Rukitz {venom, rElec Str+3}
 14184 | D:11     | Noticed a two-headed ogre
 14190 | D:11     | Noticed a two-headed ogre
 14194 | D:11     | Killed a two-headed ogre
 14221 | D:11     | Killed a two-headed ogre
 14411 | D:11     | Reached XP level 13. HP: 57/69 MP: 25/35
 14556 | D:11     | Found a staircase to the Lair.
 14595 | D:11     | Found an iron altar of Okawaru.
 14739 | D:11     | Noticed Psyche
 14744 | D:11     | Killed Psyche
 14793 | D:11     | Identified the +8 quarterstaff "Ylleutt" {protect, Fly}
 14793 | D:11     | Identified the ring "Faocair" {rN+ rCorr Int+3 Slay+4 SInv}
 14910 | D:11     | Learned a level 5 spell: Lightning Bolt
 14916 | D:12     | Reached skill level 1 in Earth Magic
 14916 | D:12     | Reached skill level 1 in Poison Magic
 15214 | D:12     | Noticed Sonja
 15220 | D:12     | Killed Sonja
 15303 | D:12     | Reached skill level 15 in Conjurations
 15359 | D:12     | Found a one-way gate to the infinite horrors of the Abyss.
 15370 | D:12     | Noticed 27snakeeyes612's ghost (journeyman MiBe)
 15380 | D:12     | Found a transporter.
 15396 | D:12     | Found a transporter.
 15402 | D:12     | Noticed a tentacled starspawn
 15625 | D:12     | Noticed a fire dragon
 15719 | D:12     | Noticed a bunyip
 15753 | D:12     | Killed a tentacled starspawn
 15754 | D:12     | Reached skill level 17 in Spellcasting
 15754 | D:12     | Killed a bunyip
 16061 | D:12     | Killed 27snakeeyes612's ghost
 16541 | D:3      | Bought the ring of Disaster {Will+ Int+4 SInv} for 535 gold
                  | pieces
 16762 | D:9      | Bought a book of Fire for 975 gold pieces
 16768 | D:9      | Learned a level 5 spell: Fireball
 17755 | D:13     | Offered knowledge of Conjure Ball Lightning by Vehumet.
 17780 | D:13     | Learned a level 3 spell: Ignite Poison
 17868 | D:13     | Reached skill level 1 in Fire Magic
 18321 | D:13     | Found a gate to the Vaults.
 18406 | D:13     | Reached XP level 14. HP: 67/74 MP: 33/37
 18563 | D:14     | Reached skill level 18 in Spellcasting
 19774 | D:15     | Entered Level 15 of the Dungeon
 20083 | D:15     | Noticed Azrael
 20234 | Lair:1   | Entered Level 1 of the Lair of Beasts
 20644 | Lair:1   | Identified the +2 cloak of Haul {Str+4}
 20841 | Lair:1   | You fall into a shaft and drop 1 floor!
 21670 | Lair:2   | You fall into a shaft and drop 1 floor!
 21670 | Lair:3   | Found a staircase to the Snake Pit.
 21773 | Lair:2   | Noticed Fannar
 21776 | Lair:2   | Killed Fannar
 21779 | Lair:2   | Reached skill level 5 in Translocations
 21907 | Lair:2   | Noticed Harold
 21911 | Lair:2   | Killed Harold
 22869 | Lair:3   | Reached skill level 19 in Spellcasting
 22897 | Lair:3   | Reached skill level 5 in Fire Magic
 22913 | Lair:3   | Offered knowledge of Bolt of Magma by Vehumet.
 22992 | Lair:3   | Learned a level 5 spell: Bolt of Magma
 23975 | Lair:4   | Found a gate leading to a gauntlet.
 23984 | Gauntlet | Entered a Gauntlet
 23984 | Gauntlet | Found a transporter.
 23997 | Gauntlet | Found a transporter.
 23997 | Gauntlet | Found a transporter.
 23999 | Gauntlet | Found a transporter.
 24015 | Gauntlet | Found a transporter.
 24033 | Gauntlet | Found a transporter.
 24041 | Gauntlet | Found a transporter.
 24064 | Gauntlet | Found a transporter.
 24078 | Gauntlet | Found a transporter.
 24090 | Gauntlet | Found a transporter.
 24102 | Gauntlet | Found a transporter.
 24114 | Gauntlet | Found a transporter.
 24126 | Gauntlet | Found a transporter.
 24144 | Gauntlet | Found a transporter.
 24164 | Gauntlet | Found a transporter.
 24166 | Gauntlet | Found a transporter.
 24200 | Gauntlet | Found a transporter.
 24202 | Gauntlet | Found a transporter.
 24523 | Gauntlet | Reached XP level 15. HP: 70/79 MP: 17/40
 24598 | Gauntlet | Identified the amulet of Ymegisiz {Reflect +Blink rF+ Str+5
                  | SH+5}
 24773 | Lair:4   | Found a runed translucent door.
 24791 | Lair:4   | Noticed Ytzathau's ghost (journeyman MiDe)
 25257 | Lair:4   | Killed Ytzathau's ghost
 26281 | Lair:4   | Found a staircase to the Swamp.
 26282 | Lair:4   | Identified a scroll of acquirement
 26282 | Lair:4   | Acquired the ring of Eternity {Fire Dex+2 SInv}
 26374 | Lair:5   | Offered knowledge of Ozocubu's Refrigeration by Vehumet.
 27665 | Lair:5   | Acquired Boridus's Thorough Guide to Sorcery
 27675 | Lair:5   | Learned a level 7 spell: Orb of Destruction
 27831 | Lair:6   | Entered Level 6 of the Lair of Beasts
 27841 | Lair:6   | Reached skill level 20 in Spellcasting
 28069 | Lair:6   | Noticed Birew's ghost (journeyman TeAE)
 28073 | Lair:6   | Found a transporter.
 28138 | Lair:6   | Found a transporter.
 28343 | Lair:6   | Killed Birew's ghost
 28533 | Lair:6   | Gained mutation: Your spells are a little easier to cast,
                  | but a little less powerful. [potion of mutation]
 28533 | Lair:6   | Gained mutation: You have a pair of small antennae on your
                  | head. [potion of mutation]
 28534 | Lair:6   | Lost mutation: You have a pair of small antennae on your
                  | head. [potion of mutation]
 28534 | Lair:6   | Lost mutation: Your spells are a little easier to cast, but
                  | a little less powerful. [potion of mutation]
 28534 | Lair:6   | Gained mutation: You are partially covered in iridescent
                  | scales. (AC +2) [potion of mutation]
 28534 | Lair:6   | Gained mutation: Your spells are a little harder to cast,
                  | but a little more powerful. [potion of mutation]
 29164 | Lair:6   | Noticed Snorg
 29169 | Lair:6   | Killed Snorg
 29169 | Lair:6   | Offered knowledge of Lee's Rapid Deconstruction by Vehumet.
 29176 | Lair:6   | Learned a level 5 spell: Lee's Rapid Deconstruction
 29394 | Lair:6   | Noticed Rupert
 29397 | Lair:6   | Paralysed by Rupert for 7 turns
 29400 | Lair:6   | Killed Rupert
 29589 | Lair:6   | Found a viscous altar of Jiyva.
 29589 | Lair:6   | Found a staircase to the Slime Pits.
 30290 | Lair:6   | Found a burning altar of Makhleb.
 30298 | Lair:6   | Found a gateway to Hell.
 30423 | Lair:6   | Reached XP level 16. HP: 84/84 MP: 32/42
 30758 | Snake:1  | Entered Level 1 of the Snake Pit
 31407 | Snake:1  | Reached skill level 21 in Spellcasting
 32485 | Snake:2  | You fall into a shaft and drop 1 floor!
 32579 | Snake:2  | Found a stormy altar of Qazlal.
 33956 | Snake:3  | Offered knowledge of Iskenderun's Battlesphere by Vehumet.
 35156 | Snake:3  | Identified the +7 spear of Desperation {drain, rElec rPois
                  | Str-2 Dex+3 Stlth+}
 35235 | Snake:3  | Identified the ring of Fatigue {rC+ Dex+4 Slay+5}
 35239 | Snake:3  | Identified the +1 quarterstaff of Hepliaklqana {antimagic,
                  | Int+5}
 35309 | Snake:3  | Found the +2 ratskin cloak {*Rats rPois rN+ Str-1 Int-1
                  | Dex+1}
 35330 | Snake:3  | Reached XP level 17. HP: 75/88 MP: 26/44
 35792 | Snake:4  | Entered Level 4 of the Snake Pit
 35806 | Snake:4  | Reached skill level 22 in Spellcasting
 35819 | Snake:4  | Reached skill level 10 in Fire Magic
 35977 | Snake:4  | Noticed Vashnia
 35980 | Snake:4  | Offered knowledge of Eringya's Noxious Bog by Vehumet.
 35987 | Snake:4  | Killed Vashnia
 36634 | Snake:4  | Identified the +6 morningstar "Vuranipy" {vorpal, Drain
                  | rF+++ Will- Str+6}
 37905 | Snake:4  | Reached skill level 5 in Earth Magic
 38899 | Snake:4  | Reached skill level 23 in Spellcasting
 38945 | Snake:4  | Reached XP level 18. HP: 88/93 MP: 24/47
 39307 | Snake:4  | Got a serpentine rune of Zot
 39566 | Swamp:1  | Entered Level 1 of the Swamp
 39708 | Swamp:1  | Noticed Frances
 39712 | Swamp:1  | Killed Frances
 41612 | Swamp:3  | Reached ****** piety under Vehumet
 42011 | Swamp:3  | Found a transporter.
 42123 | Swamp:3  | Found a transporter.
 42135 | Swamp:3  | Offered knowledge of Fire Storm by Vehumet.
 42135 | Swamp:3  | Offered knowledge of Shatter by Vehumet.
 42135 | Swamp:3  | Offered knowledge of Polar Vortex by Vehumet.
 42146 | Swamp:3  | Learned a level 9 spell: Fire Storm
 42596 | Swamp:3  | Noticed Odwax's ghost (adept MiFi)
 42922 | Swamp:3  | Identified the ring of Qeavezo {Ice rPois Will+ Dex+3}
 43107 | Swamp:3  | Killed Odwax's ghost
 43270 | Swamp:4  | Entered Level 4 of the Swamp
 43728 | Swamp:4  | Reached skill level 24 in Spellcasting
 44144 | Swamp:4  | Acquired 913 gold pieces
 44147 | Swamp:4  | Found the +5 robe of Misfortune {Contam Harm *Corrode Drain
                  | *Slow EV+5}
 44295 | Swamp:4  | Reached XP level 19. HP: 98/98 MP: 38/49
 44510 | Swamp:4  | Got a decaying rune of Zot
 44978 | Vaults:1 | Entered Level 1 of the Vaults
 45977 | Vaults:1 | Reached skill level 15 in Dodging
 47537 | Vaults:1 | Found Sussidgh's Magic Scroll Shoppe.
 47594 | Vaults:1 | Acquired 607 gold pieces
 47596 | Vaults:1 | Acquired 576 gold pieces
 47757 | Vaults:2 | You fall into a shaft and drop 1 floor!
 48069 | Vaults:3 | Reached skill level 25 in Spellcasting
 49336 | Vaults:2 | Reached XP level 20. HP: 103/103 MP: 36/51
 50672 | Vaults:2 | Noticed Jory
 50682 | Vaults:2 | Killed Jory
 51006 | Vaults:3 | Found a staircase to the Crypt.
 51139 | Vaults:3 | Found Vuann's General Store.
 51513 | Vaults:3 | Found Loorohir's Antique Armour Boutique.
 51522 | Vaults:3 | Bought a crude leather armour for 329 gold pieces
 51522 | Vaults:3 | Identified the +1 leather armour "Mipnukuck" {rElec Will+
                  | Regen+ Str-2} (You bought it in a shop on level 3 of the
                  | Vaults)
 52568 | Vaults:4 | Reached skill level 26 in Spellcasting
 53542 | Vaults:4 | Reached XP level 21. HP: 107/107 MP: 7/53
 53847 | Vaults:4 | Learned a level 2 spell: Blink
 54725 | Vaults:4 | Identified the +0 pair of gloves of the Wilderness {rF-
                  | Regen+ rCorr Str+4}
 54974 | Vaults:5 | Entered Level 5 of the Vaults
 54980 | Vaults:5 | Noticed an ancient lich
 55145 | Vaults:5 | Noticed a golden dragon
 55150 | Vaults:5 | Shot with a bolt by a yaktaur captain

Illustrated notes

Levels and vault maps discovered:
D:1:      sevenhm_arrival_forest_fort_small_1, layout_basic,
          hellmonk_ecumenical_altar_lost_god, corner_web_ring,
          minmay_pentomino_w4
D:2:      layout_basic
D:3:      layout_basic, serial_shops, shop, shop, shop, grunt_ministairs_1
D:4:      layout_loops_cross, minitemple, nicolae_ossuary_entry_plus,
          due_unseen_surprise, uniq_pikel, uniq_menkaure
D:5:      layout_loops_ring, minmay_temple_entry_from_below_a, uniq_edmund
D:6:      layout_loops_ring
D:7:      layout_basic
D:8:      layout_basic, ebering_ghost_reflecting_pool
D:9:      layout_basic, hiddenorc1_lemuel, serial_shops, shop, library_closet
D:10:     layout_gridville, overflow_temple_1_default, special_room
          [special_room_orc], serial_co_window_serial, co_window_corner_a,
          co_window_paths_a, co_window_of_opportunity_a, co_window_paths_a,
          co_window_paths_a, co_window_paths_b, co_window_paths_c,
          co_window_of_opportunity_b, co_window_cross_4,
          co_window_unsneaky_path_a, co_window_broadway_c, co_window_sun,
          glass_columns_a, glass_columns_b, st_stairs_5, small_statue_alley_a,
          uniq_nergalle
D:11:     minmay_the_grid_square_5x5_3x3 [minmay_the_grid_square_5x5_bridge,
          minmay_the_grid_square_5x5_two_small,
          minmay_the_grid_square_5x5_tetrominoes,
          minmay_the_grid_square_5x5_minibox,
          minmay_the_grid_square_5x5_megaprize_diamond,
          minmay_the_grid_square_5x5_lines, minmay_the_grid_square_5x5_moneybag,
          minmay_the_grid_square_5x5_two_walls_a,
          minmay_the_grid_square_5x5_three_small], layout_gridville,
          lair_entry_dummy, okawaru_gym_becter, uniq_psyche
D:12:     layout_cave_pools, gammafunk_ghost_abyssal_escape, uniq_sonja
D:13:     layout_stronghold, david_vaults_2, serial_bayou_pond_c
D:14:     layout_basic, palyth_stone_intersect
D:15:     hangedman_depths_entry_try_elsewhere_first, layout_basic,
          hangedman_glass_teeth, uniq_azrael
Lair:1:   layout_cave_pods, grunt_megastairs_5, infiniplex_staircase_pool,
          lemuel_fruit_tree
Lair:2:   layout_cave_pods, disabler_island, lemuel_fruit_fields, uniq_harold,
          uniq_fannar
Lair:3:   lemuel_slime, layout_hall_layers, guppyfry_snake_entry_island,
          minmay_lair_oklob_chamber
Lair:4:   layout_cave_shapes, palyth_hydra_swamp_entry, gauntlet_entry_generic,
          ebering_ghost_inner_flame, beast_lair_carwin_9,
          infiniplex_staircase_pool_2
Lair:5:   layout_cave_pods, nzn_random_ring
Lair:6:   evil_forest, layout_gridlike, slime_altar_1, gammafunk_ghost_arena,
          serial_bayou_lagoon_b, lemuel_fruit_fields, uniq_rupert, uniq_snorg
Swamp:1:  layout_basic_swamp, hangedman_swamp_cone, uniq_frances
Swamp:2:  layout_falls_marsh, evilmike_swamp_ruin_house_3
Swamp:3:  layout_basic_swamp, gammafunk_ghost_berserking_beasts,
          evilmike_swamp_ruin_house_2
Swamp:4:  swamp_fiery, layout_basic_swamp
Snake:1:  layout_concentric_octagons, drop_trap, serial_bayou_crossing
Snake:2:  layout_cave_town, basic_altar
Snake:3:  layout_cave_town, nicolae_snake_naga_rites
Snake:4:  snake_pit_salamanders_mu, layout_basic, uniq_vashnia
Orc:1:    layout_diamond_mine, serial_shops, nicolae_shop_waterfront
Orc:2:    grunt_orc_tribal_feast, layout_diamond_mine, serial_shops,
          nicolae_shop_trees, minmay_orc_temple_a
Vaults:1: grunt_vaults_funnel, nicolae_vaults_network_square, v_pattern_1,
          v_misc_4, ontoclasm_vaults_fault, hangedman_vaults_impose,
          nicolae_vaults_little_squares_2, hangedman_vaults_trim, v_misc_15,
          ontoclasm_vaults_misaligned, v_misc_19,
          nicolae_vaults_little_squares_3, hangedman_vaults_cutoff,
          layout_vaults_omnibox, serial_shops, shop_fountains
Vaults:2: vaults_dpeg_diagonal, vaults_standard_mumra_x,
          vaults_room_guarded_vault, vaults_room_pool,
          nicolae_vaults_circle_grid_b, v_misc_8, v_misc_15,
          layout_vaults_quadrants, uniq_jory
Vaults:3: vaults_room_stairs_pillars, vaults_room_large_hall,
          ontoclasm_vaults_spin, ontoclasm_vaults_ring_square,
          dpeg_vaults_monster_box, hangedman_vaults_slice,
          nicolae_vaults_little_squares_3, layout_vaults_chaotic_city,
          dummy_crypt_entry, serial_shops, nicolae_diamond_shop,
          nicolae_shop_stone
Vaults:4: vaults_mumra_hex, nicolae_vaults_network_periphery,
          hangedman_vaults_hat, nicolae_vaults_big_ls,
          nicolae_vaults_puzzle_piece, ontoclasm_vaults_shout,
          nicolae_vaults_big_angled_halls, v_alt_pattern_3,
          grunt_vaults_trifunnel, ontoclasm_vaults_twist,
          vaults_room_ringed_pool, vaults_dpeg_ring,
          nicolae_vaults_specimen_jars, ontoclasm_vaults_shuriken,
          layout_vaults_maze
Vaults:5

Skill      XL: |  1  2  3  4  5  6  7  8  9 10 11 12 13 14 15 16 17 18 19 20 |
---------------+-------------------------------------------------------------+-----
Conjurations   | 5 6 7 8 9 10 12 13 14 15 16 17 19 20 21 22 | 22.9
Spellcasting   | 4 5 8 10 11 13 14 16 17 19 20 21 23 24 25 26 | 26.9
Dodging        | 3 4 5 6 7 8 9 10 11 12 13 14 15 16 | 16.7
Stealth        | 3 |  3.0
Hexes          | 1 4 5 6 7 8 |  8.8
Translocations | 1 2 3 4 5 6 7 8 |  8.9
Fighting       | 2 3 |  3.9
Earth Magic    | 2 4 5 6 |  6.9
Poison Magic   | 1 2 |  2.0
Fire Magic     | 1 5 8 9 11 12 13 14 | 14.9
Axes           | |  0.7
Shields        | |  0.9

Action                   |  1- 3 |  4- 6 |  7- 9 | 10-12 | 13-15 | 16-18 | 19-21 || total
-------------------------+-------+-------+-------+-------+-------+-------+-------++-------
Melee: Hand axe          |       |       |       |       |     5 |     8 |       ||    13
 Cast: Magic Dart        |    74 |    55 |    34 |    43 |       |     1 |       ||   207
       Searing Ray       |     2 |     8 |    40 |    24 |     1 |       |       ||    75
       Fulminant Prism   |       |       |    31 |   112 |    25 |    40 |    13 ||   221
       Iskenderun's Myst |       |       |    13 |    63 |   117 |    98 |    99 ||   390
       Iron Shot         |       |       |       |    11 |    70 |   146 |    68 ||   295
       Olgreb's Toxic Ra |       |       |       |     5 |     5 |     1 |       ||    11
       Fireball          |       |       |       |       |   345 |   310 |   180 ||   835
       Lightning Bolt    |       |       |       |       |     1 |       |       ||     1
       Bolt of Magma     |       |       |       |       |     2 |     6 |     9 ||    17
       Orb of Destructio |       |       |       |       |       |    25 |    60 ||    85
       Fire Storm        |       |       |       |       |       |     1 |    33 ||    34
       Lee's Rapid Decon |       |       |       |       |       |       |     3 ||     3
       Blink             |       |       |       |       |       |       |     1 ||     1
  Use: Scroll            |       |       |       |     6 |    21 |     7 |     4 ||    38
       Potion            |       |       |       |       |     8 |     4 |     2 ||    14
Armor: Leather armour    |       |       |     1 |     3 |       |       |     9 ||    13
       Robe              |       |       |     1 |     1 |    26 |    31 |     3 ||    62
Dodge: Dodged            |     1 |     2 |    20 |    16 |    47 |    80 |    66 ||   232
Block: Other             |       |       |     3 |       |     8 |    12 |     5 ||    28
       Reflection        |       |       |       |       |       |     8 |     4 ||    12

Table legend: (Time is in decaauts)
 A = Elapsed time spent in this place.
 B = Non-inter-level travel time spent in this place.
 C = Inter-level travel time spent in this place.
 D = Time resting spent in this place.
 E = Time spent auto-exploring this place.
 F = Levels seen in this place.
 G = Mean time per level.
                   A        B        C        D        E       F      G
               +--------+--------+--------+--------+--------+-----+--------+
         Total |  55518 |  52369 |   3149 |  17955 |  27639 |  38 | 1461.0 |
       Dungeon |  17579 |  15812 |   1767 |   3160 |  10818 |  15 | 1171.9 |
          Lair |  10205 |   9677 |    528 |   3172 |   5568 |   6 | 1700.8 |
         Swamp |   5473 |   5162 |    311 |   2176 |   2440 |   4 | 1368.2 |
     Snake Pit |   8609 |   8352 |    257 |   3434 |   3920 |   4 | 2152.2 |
  Orcish Mines |   2411 |   2316 |     95 |   1158 |    844 |   2 | 1205.5 |
        Vaults |  10095 |   9906 |    189 |   4393 |   4038 |   5 | 2019.0 |
       Ossuary |    449 |    449 |      0 |    307 |      0 |   1 |  449.0 |
      Gauntlet |    694 |    694 |      0 |    155 |      9 |   1 |  694.0 |
               +--------+--------+--------+--------+--------+-----+--------+

Top non-repeatable levels by time:
 Snake:4: 3375 daAuts
Vaults:1: 2916 daAuts
  Lair:6: 2877 daAuts
Vaults:2: 2523 daAuts
Vaults:4: 2359 daAuts
 Snake:3: 2286 daAuts
Vaults:3: 2280 daAuts
 Swamp:3: 2160 daAuts
  Lair:4: 1812 daAuts
    D:13: 1789 daAuts
   Orc:2: 1779 daAuts
  Lair:3: 1725 daAuts
    D:11: 1696 daAuts
 Snake:1: 1498 daAuts
 Swamp:1: 1482 daAuts
